Philadelphia Phantoms vs Grand Rapids Griffins

Created - 16 mars 2018 at 18:25

Goals
1 2 3 T
Philadelphia Phantoms 0 3 0 3
Grand Rapids Griffins 0 1 1 2
Shots
1 2 3 T
Philadelphia Phantoms 9 14 14 37
Grand Rapids Griffins 8 17 9 34

1st period

No Goal

Penalties :
Nikita Scherbak (GRF) for Tripping (Minor) at 15:35, Sean Kuraly (PHA) for Boarding (Minor) at 18:27

2nd period

1. Philadelphia Phantoms , Sean Kuraly 22 (Scott Laughton 49) at 0:44
2. Grand Rapids Griffins , Daniel Carr 21 (Tomas Jurco 13, Eric Cornel 8) at 10:25
3. Philadelphia Phantoms , Kevin Fiala 42 (Brandon Montour 35, Joshua Ho-Sang 71) at 11:47 (PP)
4. Philadelphia Phantoms , Kevin Fiala 43 (Joshua Ho-Sang 72, Chad Billins 8) at 17:26

Penalties :
Eric Cornel (GRF) for Hooking (Minor) at 11:31, Jesse Puljujarvi (GRF) for Fighting (Major) at 19:47, Sean Kuraly (PHA) for Fighting (Major) at 19:47, Sean Kuraly (PHA) for instigated a fight (Minor) at 19:47, Sean Kuraly (PHA) for instigated a fight (10 Minutes Misconduct) at 19:47

3rd period

5. Grand Rapids Griffins , Markus Hannikainen 31 (Noel Acciari 38) at 11:09

Penalties :
Slater Koekkoek (GRF) for Cross-checking (Minor) at 7:39

Goalie Stats

Darcy Kuemper (PHA), 32 saves from 34 shots - (0,941), W, 15-12-1, 60:00 minutes
Mackenzie Blackwood (GRF), 34 saves from 37 shots - (0,919), L, 28-23-4, 59:35 minutes

Players Stats for Philadelphia Phantoms

Player Name              G  A  P  +/- PIM S  H  SB GA TA FO     MP     PP MP  PK MP  
------------------------------------------------------------------------------------
Alexandre Carrier        0  0  0   1  0   1  2  1  0  2  0/0    23:53   2:40   2:29 
Brandon Montour          0  1  1   0  0   2  4  1  1  0  0/0    21:06   2:40   0:00 
Chad Billins             0  1  1   0  0   2  1  0  0  0  0/0    17:57   0:00   2:29 
Dakota Mermis            0  0  0   0  0   0  2  0  0  1  0/0    20:57   1:34   1:29 
Dale Weise               0  0  0   0  0   0  3  0  0  0  0/0    15:46   1:43   0:00 
Dean Kukan               0  0  0   0  0   1  3  2  0  0  0/0    22:09   1:34   1:29 
Dryden Hunt              0  0  0  -1  0   1  3  0  2  0  0/0    14:39   1:42   0:03 
Jon Martin               0  0  0  -1  0   0  2  0  0  0  2/3     9:18   0:00   0:00 
Jonathan Diaby           0  0  0  -1  0   1  1  0  0  0  0/0    13:58   0:00   0:00 
Jordan Maletta           0  0  0  -1  0   2  1  1  0  0  4/8    14:28   0:47   1:28 
Joshua Ho-Sang           0  2  2   1  0   6  1  1  0  0  0/1    20:09   2:16   1:26 
Juho Lammikko            0  0  0  -1  0   2  1  0  1  1  0/1     8:54   0:00   0:00 
Kevin Fiala              2  0  2   1  0   8  1  0  1  0  0/0    18:22   2:17   0:00 
Kevin Labanc             0  0  0   0  0   4  1  0  2  0  0/0    15:01   0:58   0:00 
Nic Kerdiles             0  0  0  -1  0   3  1  0  2  0  0/0     8:54   0:00   0:00 
Scott Laughton           0  1  1   2  0   0  2  0  0  1  15/21  22:09   2:04   2:30 
Sean Kuraly              1  0  1   1  19  3  2  0  0  0  5/10   13:16   0:55   0:00 
Zac Dalpe                0  0  0   0  0   1  1  0  0  0  1/1    15:04   0:00   2:29 

Players Stats for Grand Rapids Griffins

Player Name              G  A  P  +/- PIM S  H  SB GA TA FO     MP     PP MP  PK MP  
------------------------------------------------------------------------------------
Andrew O'Brien           0  0  0  -1  0   0  1  0  0  2  0/0    20:51   1:27   2:00 
Daniel Carr              1  0  1   1  0   3  0  0  0  0  0/0    13:08   0:00   1:07 
Dmitrij Jaskin           0  0  0  -1  0   1  2  0  0  0  0/0    20:31   1:26   1:02 
Dylan DeMelo             0  0  0   0  0   1  2  1  0  2  0/0    26:55   2:31   2:09 
Eric Cornel              0  1  1   1  2   0  2  1  0  1  2/5    11:42   0:00   0:00 
Jesse Puljujarvi         0  0  0  -1  5   1  0  0  1  0  3/6    19:02   1:11   2:05 
Justin Holl              0  0  0   1  0   0  1  1  0  0  0/0    12:52   0:18   0:11 
Kyle Rau                 0  0  0  -1  0   4  1  2  2  1  7/10   19:03   1:26   0:00 
Marcus Sorensen          0  0  0  -1  0   2  0  0  0  0  0/0     6:26   0:00   0:00 
Mario Lucia              0  0  0  -1  0   0  0  0  0  0  0/0     6:26   0:00   0:00 
Markus Hannikainen       1  0  1   1  0   4  2  2  0  1  1/1    19:00   2:14   2:05 
Max Gortz                0  0  0   1  0   0  0  0  0  0  0/0     6:58   1:04   0:00 
Nikita Scherbak          0  0  0  -1  2   9  3  0  1  0  0/0    19:31   1:26   0:00 
Noel Acciari             0  1  1   1  0   2  4  0  0  1  5/22   18:15   2:14   1:02 
Reece Willcox            0  0  0   1  0   0  1  1  0  1  0/0    13:02   0:00   1:03 
Ross Johnston            0  0  0   0  0   0  1  0  0  0  0/0     3:41   0:35   1:07 
Scott Harrington         0  0  0  -1  0   0  1  2  0  0  0/0    19:54   1:27   2:05 
Slater Koekkoek          0  0  0   0  2   4  3  1  1  0  0/0    26:57   2:31   1:00 
Tomas Jurco              0  1  1   1  0   3  0  0  0  0  0/1    11:28   0:00   0:00 

3 Stars

1 - Kevin Fiala (PHA)
2 - Joshua Ho-Sang (PHA)
3 - Darcy Kuemper (PHA)

Power Play

Philadelphia Phantoms - 1 on 3 Attempt(s) - 33,33%
Grand Rapids Griffins - 0 on 2 Attempt(s) - 0,00%

Penalty Kill

Philadelphia Phantoms - 2 on 2 Attempt(s) - 100,00% - Score 0 goal in Penalty Kill
Grand Rapids Griffins - 2 on 3 Attempt(s) - 66,67% - Score 0 goal in Penalty Kill

Team Stat

Philadelphia Phantoms - Hits : 32 - Faceoff Wins : 27 - Blocked Shots : 6 - Penalty Minutes : 19
Grand Rapids Griffins - Hits : 24 - Faceoff Wins : 18 - Blocked Shots : 11 - Penalty Minutes : 11

Official

Referees : Tom Chmielewski and Chris Lee
Linesman : David Brisebois and Brandon Gawryletz

Game Notes

Jesse Puljujarvi and Sean Kuraly fight to a draw at 19:47 of 2nd period
11:07 of 3rd period - Grand Rapids Griffins goal is going for a video replay. After video review, No Goal. The referee deems the play has been stopped, even if he had not physically had the opportunity to stop play by blowing his whistle.

Finance

Level 1 -- Attendance: 1573 (78,65%) -- Ticket Income 55 055 $
Level 2 -- Attendance: 737 (73,70%) -- Ticket Income 11 055 $
Total Attendance: 2310 (77,00%)
Total Ticket Income: 66 110 $
Other Income: 32 394 $
Total Income: 98 504 $

Philadelphia Phantoms

5 vs 5 Forward 
   Center                   Left Wing                Right Wing               Time % Phy DF OF 
 1 Scott Laughton           Joshua Ho-Sang           Kevin Fiala              34     0   1  4  
 2 Sean Kuraly              Kevin Labanc             Dale Weise               30     0   1  4  
 3 Jordan Maletta           Dryden Hunt              Zac Dalpe                26     0   4  1  
 4 Jon Martin               Nic Kerdiles             Juho Lammikko            10     0   4  1  

5 vs 5 Defense 
   Defense                  Defense                                           Time % Phy DF OF 
 1 Brandon Montour          Alexandre Carrier                                 40     1   3  1  
 2 Dean Kukan               Dakota Mermis                                     36     1   3  1  
 3 Chad Billins             Jonathan Diaby                                    24     1   3  1  
 4 Jonathan Diaby           Alexandre Carrier                                 0      1   3  1  

PowerPlay Forward 
   Center                   Left Wing                Right Wing               Time % Phy DF OF 
 1 Scott Laughton           Joshua Ho-Sang           Kevin Fiala              60     0   0  5  
 2 Sean Kuraly              Kevin Fiala              Dale Weise               40     0   0  5  

PowerPlay Defense
   Defense                  Defense                                           Time % Phy DF OF 
 1 Brandon Montour          Alexandre Carrier                                 60     0   2  3  
 2 Dean Kukan               Dakota Mermis                                     40     0   2  3  

Penalty Kill 4 Players Forward 
   Center                   Wing                     Time % Phy DF OF 
 1 Scott Laughton           Zac Dalpe                60     0   5  0  
 2 Jordan Maletta           Sean Kuraly              40     0   5  0  

Penalty Kill 4 Players Defense
   Defense                  Defense                  Time % Phy DF OF 
 1 Chad Billins             Alexandre Carrier        60     0   5  0  
 2 Dean Kukan               Dakota Mermis            40     0   5  0  

Penalty Kill - 3 Players Forward 
   Forward                                           Time % Phy DF OF 
 1 Zac Dalpe                                         60     0   5  0  
 2 Jordan Maletta                                    40     0   5  0  

Penalty Kill - 3 Players Defense
   Defense                  Defense                  Time % Phy DF OF 
 1 Chad Billins             Alexandre Carrier        60     0   5  0  
 2 Dean Kukan               Dakota Mermis            40     0   5  0  

4 vs 4 Forward 
   Center                   Wing                     Time % Phy DF OF 
 1 Joshua Ho-Sang           Dale Weise               60     1   2  2  
 2 Kevin Labanc             Kevin Fiala              40     1   2  2  

4 vs 4 Defense
   Defense                  Defense                  Time % Phy DF OF 
 1 Brandon Montour          Alexandre Carrier        60     1   2  2  
 2 Dean Kukan               Dakota Mermis            40     1   2  2  

Last Minutes Offensive
   Center                   Left Wing                Right Wing               Defense                  Defense                  
   Joshua Ho-Sang           Kevin Labanc             Dale Weise               Dean Kukan               Alexandre Carrier        

Last Minutes Defensive
   Center                   Left Wing                Right Wing               Defense                  Defense                  
   Scott Laughton           Sean Kuraly              Zac Dalpe                Dean Kukan               Chad Billins             

Goaltenders
Starting : Darcy Kuemper            
Backup : Alex Lyon                

Extra Forwards
Normal : Sean Kuraly, Dryden Hunt, Jordan Maletta - PP : Sean Kuraly, Dryden Hunt - PK : Jordan Maletta
Extra Defensemen
Normal : Chad Billins, Alexandre Carrier, Dean Kukan - PP : Chad Billins - PK : Brandon Montour, Dean Kukan
Penalty Shots
Joshua Ho-Sang, Dale Weise, Kevin Labanc, Kevin Fiala, Scott Laughton

Scratches
Rihards Bukarts (Healthy), Matt Caito (Healthy), Matthew O'Connor (Healthy)

Grand Rapids Griffins

5 vs 5 Forward 
   Center                   Left Wing                Right Wing               Time % Phy DF OF 
 1 Noel Acciari             Markus Hannikainen       Jesse Puljujarvi         40     1   2  2  
 2 Kyle Rau                 Dmitrij Jaskin           Nikita Scherbak          30     1   2  2  
 3 Eric Cornel              Daniel Carr              Tomas Jurco              20     1   2  2  
 4 Jesse Puljujarvi         Marcus Sorensen          Mario Lucia              10     1   2  2  

5 vs 5 Defense 
   Defense                  Defense                                           Time % Phy DF OF 
 1 Dylan DeMelo             Slater Koekkoek                                   40     1   2  2  
 2 Scott Harrington         Andrew O'Brien                                    30     1   2  2  
 3 Justin Holl              Reece Willcox                                     20     1   2  2  
 4 Dylan DeMelo             Slater Koekkoek                                   10     1   2  2  

PowerPlay Forward 
   Center                   Left Wing                Right Wing               Time % Phy DF OF 
 1 Noel Acciari             Markus Hannikainen       Jesse Puljujarvi         60     1   2  2  
 2 Kyle Rau                 Dmitrij Jaskin           Nikita Scherbak          40     1   2  2  

PowerPlay Defense
   Defense                  Defense                                           Time % Phy DF OF 
 1 Dylan DeMelo             Slater Koekkoek                                   60     1   2  2  
 2 Scott Harrington         Andrew O'Brien                                    40     1   2  2  

Penalty Kill 4 Players Forward 
   Center                   Wing                     Time % Phy DF OF 
 1 Jesse Puljujarvi         Markus Hannikainen       60     1   2  2  
 2 Dmitrij Jaskin           Noel Acciari             40     1   2  2  

Penalty Kill 4 Players Defense
   Defense                  Defense                  Time % Phy DF OF 
 1 Dylan DeMelo             Slater Koekkoek          60     1   2  2  
 2 Scott Harrington         Andrew O'Brien           40     1   2  2  

Penalty Kill - 3 Players Forward 
   Forward                                           Time % Phy DF OF 
 1 Jesse Puljujarvi                                  60     1   2  2  
 2 Markus Hannikainen                                40     1   2  2  

Penalty Kill - 3 Players Defense
   Defense                  Defense                  Time % Phy DF OF 
 1 Dylan DeMelo             Slater Koekkoek          60     1   2  2  
 2 Scott Harrington         Andrew O'Brien           40     1   2  2  

4 vs 4 Forward 
   Center                   Wing                     Time % Phy DF OF 
 1 Jesse Puljujarvi         Markus Hannikainen       60     1   2  2  
 2 Dmitrij Jaskin           Noel Acciari             40     1   2  2  

4 vs 4 Defense
   Defense                  Defense                  Time % Phy DF OF 
 1 Dylan DeMelo             Slater Koekkoek          60     1   2  2  
 2 Scott Harrington         Andrew O'Brien           40     1   2  2  

Last Minutes Offensive
   Center                   Left Wing                Right Wing               Defense                  Defense                  
   Noel Acciari             Markus Hannikainen       Jesse Puljujarvi         Dylan DeMelo             Slater Koekkoek          

Last Minutes Defensive
   Center                   Left Wing                Right Wing               Defense                  Defense                  
   Noel Acciari             Markus Hannikainen       Jesse Puljujarvi         Dylan DeMelo             Slater Koekkoek          

Goaltenders
Starting : Mackenzie Blackwood      
Backup : Scott Wedgewood          

Extra Forwards
Normal : Max Gortz, Ross Johnston, Daniel Carr - PP : Max Gortz, Ross Johnston - PK : Daniel Carr
Extra Defensemen
Normal : Justin Holl, Reece Willcox, Scott Harrington - PP : Justin Holl - PK : Reece Willcox, Scott Harrington
Penalty Shots
Jesse Puljujarvi, Markus Hannikainen, Dmitrij Jaskin, Noel Acciari, Daniel Carr

Scratches
Mackenzie MacEachern (Healthy), Tony Cameranesi (Healthy)

% Time on Ice - Philadelphia Phantoms

Lines # - Real PCT - Wanted PCT - Time Play
Normal Forward
1 - 32% - 34% - 16:23
2 - 28% - 30% - 14:03
3 - 22% - 26% - 11:16
4 - 18% - 10% - 8:54
Normal Defense
1 - 37% - 40% - 18:44
2 - 35% - 36% - 17:54
3 - 28% - 24% - 13:58
4 - 0% - 0% - 0:00
PP Forward
1 - 49% - 60% - 2:04
2 - 51% - 40% - 2:10
PP Defense
1 - 63% - 60% - 2:40
2 - 37% - 40% - 1:34
PK Forward
1 - 76% - 60% - 3:00
2 - 24% - 40% - 0:58
PK Defense
1 - 63% - 60% - 2:29
2 - 37% - 40% - 1:29
PK3 Forward
1 - 0% - 60%
2 - 0% - 40%
PK3 Defense
1 - 0% - 60%
2 - 0% - 40%
44 Forward
1 - 0% - 60%
2 - 0% - 40%
44 Defense
1 - 0% - 60%
2 - 0% - 40%
Last Minute Offensive  - 0:00
Last Minute Defensive  - 1:12
Total
Forward - 60:00
Defense - 60:00

% Time on Ice - Grand Rapids Griffins

Lines # - Real PCT - Wanted PCT - Time Play
Normal Forward
1 - 26% - 40% - 13:21
2 - 38% - 30% - 19:00
3 - 23% - 20% - 11:48
4 - 13% - 10% - 6:26
Normal Defense
1 - 37% - 40% - 18:56
2 - 32% - 30% - 16:06
3 - 24% - 20% - 11:59
4 - 7% - 10% - 3:34
PP Forward
1 - 64% - 60% - 2:32
2 - 36% - 40% - 1:26
PP Defense
1 - 63% - 60% - 2:31
2 - 37% - 40% - 1:27
PK Forward
1 - 76% - 60% - 3:12
2 - 24% - 40% - 1:02
PK Defense
1 - 53% - 60% - 2:14
2 - 47% - 40% - 2:00
PK3 Forward
1 - 0% - 60%
2 - 0% - 40%
PK3 Defense
1 - 0% - 60%
2 - 0% - 40%
44 Forward
1 - 0% - 60%
2 - 0% - 40%
44 Defense
1 - 0% - 60%
2 - 0% - 40%
Last Minute Offensive  - 1:13
Last Minute Defensive  - 0:00
Total
Forward - 60:00
Defense - 60:00

Play by Play

1st period


0:01 of 1st period - Scott Laughton wins face-off versus Noel Acciari in neutral zone.
0:04 of 1st period - Snap shot by Kevin Fiala.
0:04 of 1st period - Stopped by Mackenzie Blackwood without a rebound.
0:05 of 1st period - Scott Laughton wins face-off versus Noel Acciari in Grand Rapids Griffins zone.
0:51 of 1st period - Wrist shot by Tomas Jurco.
0:51 of 1st period - Shot Blocked by Jordan Maletta.
1:13 of 1st period - Slapshot by Nic Kerdiles.
1:13 of 1st period - Stopped by Mackenzie Blackwood with a rebound.
1:43 of 1st period - Icing by Jonathan Diaby.
1:44 of 1st period - Scott Laughton wins face-off versus Kyle Rau in Philadelphia Phantoms zone.
1:44 of 1st period - Scott Laughton is hit by Kyle Rau.
1:54 of 1st period - Snap shot by Joshua Ho-Sang.
1:54 of 1st period - Stopped by Mackenzie Blackwood with a rebound.
2:04 of 1st period - Wrist shot by Kevin Fiala.
2:04 of 1st period - Shot Misses the Net.
2:39 of 1st period - Chad Billins is hit by Nikita Scherbak and loses puck.
3:00 of 1st period - Wrist shot by Nikita Scherbak.
3:00 of 1st period - Stopped by Darcy Kuemper with a rebound.
3:02 of 1st period - Wrist shot by Dmitrij Jaskin.
3:02 of 1st period - Shot Misses the Net.
3:18 of 1st period - Reece Willcox is hit by Joshua Ho-Sang and loses puck.
3:27 of 1st period - Snap shot by Nikita Scherbak.
3:27 of 1st period - Stopped by Darcy Kuemper with a rebound.
3:51 of 1st period - Slapshot by Nikita Scherbak.
3:51 of 1st period - Shot Blocked by Joshua Ho-Sang.
3:53 of 1st period - Slapshot by Reece Willcox.
3:53 of 1st period - Shot Misses the Net.
3:55 of 1st period - Wrist shot by Nikita Scherbak.
3:55 of 1st period - Stopped by Darcy Kuemper with a rebound.
3:57 of 1st period - Slapshot by Reece Willcox.
3:57 of 1st period - Shot Misses the Net.
3:59 of 1st period - Backhand shot by Nikita Scherbak.
3:59 of 1st period - Stopped by Darcy Kuemper with a rebound.
4:01 of 1st period - Snap shot by Kyle Rau.
4:01 of 1st period - Stopped by Darcy Kuemper without a rebound.
4:02 of 1st period - Markus Hannikainen wins face-off versus Sean Kuraly in Philadelphia Phantoms zone.
4:28 of 1st period - Scott Harrington is hit by Nic Kerdiles and loses puck.
4:46 of 1st period - Dakota Mermis is hit by Noel Acciari and loses puck.
5:12 of 1st period - Wrist shot by Nic Kerdiles.
5:12 of 1st period - Shot Misses the Net.
5:37 of 1st period - Wrist shot by Noel Acciari.
5:37 of 1st period - Stopped by Darcy Kuemper with a rebound.
5:53 of 1st period - Brandon Montour is hit by Noel Acciari and loses puck.
6:06 of 1st period - Noel Acciari is hit by Jon Martin and loses puck.
6:13 of 1st period - Snap shot by Nic Kerdiles.
6:13 of 1st period - Stopped by Mackenzie Blackwood without a rebound.
6:14 of 1st period - Sean Kuraly wins face-off versus Eric Cornel in Grand Rapids Griffins zone.
6:30 of 1st period - Dylan DeMelo is hit by Dale Weise and loses puck.
6:57 of 1st period - Dean Kukan is hit by Ross Johnston.
8:18 of 1st period - Dryden Hunt is hit by Dmitrij Jaskin.
9:00 of 1st period - Icing by Scott Laughton.
9:01 of 1st period - Scott Laughton wins face-off versus Kyle Rau in Philadelphia Phantoms zone.
9:01 of 1st period - Scott Laughton is hit by Slater Koekkoek.
10:11 of 1st period - Kyle Rau is hit by Jon Martin and loses puck.
11:00 of 1st period - Jesse Puljujarvi is hit by Brandon Montour and loses puck.
12:32 of 1st period - Kevin Labanc is hit by Markus Hannikainen and loses puck.
13:49 of 1st period - Snap shot by Zac Dalpe.
13:49 of 1st period - Stopped by Mackenzie Blackwood without a rebound.
13:50 of 1st period - Eric Cornel wins face-off versus Jordan Maletta in Grand Rapids Griffins zone.
13:50 of 1st period - Eric Cornel is hit by Dean Kukan.
14:08 of 1st period - Slater Koekkoek is hit by Dakota Mermis and loses puck.
14:19 of 1st period - Slapshot by Kevin Fiala.
14:19 of 1st period - Shot Hit the Post.
14:31 of 1st period - Jesse Puljujarvi is hit by Dale Weise and loses puck.
14:50 of 1st period - Wrist shot by Jesse Puljujarvi.
14:50 of 1st period - Stopped by Darcy Kuemper without a rebound.
14:51 of 1st period - Jordan Maletta wins face-off versus Noel Acciari in Philadelphia Phantoms zone.
14:51 of 1st period - Jordan Maletta is hit by Noel Acciari.
15:22 of 1st period - Icing by Dale Weise.
15:23 of 1st period - Kyle Rau wins face-off versus Sean Kuraly in Philadelphia Phantoms zone.
15:35 of 1st period - Minor Penalty to Nikita Scherbak for Tripping.
15:36 of 1st period - Jesse Puljujarvi wins face-off versus Scott Laughton in Grand Rapids Griffins zone.
17:35 of 1st period - Penalty to Nikita Scherbak is over, Nikita Scherbak is back on ice.
17:40 of 1st period - Snap shot by Juho Lammikko.
17:40 of 1st period - Stopped by Mackenzie Blackwood with a rebound.
17:42 of 1st period - Slapshot by Chad Billins.
17:42 of 1st period - Shot Misses the Net.
17:44 of 1st period - Wrist shot by Jon Martin.
17:44 of 1st period - Shot Misses the Net.
17:46 of 1st period - Slapshot by Chad Billins.
17:46 of 1st period - Stopped by Mackenzie Blackwood with a rebound.
17:48 of 1st period - Slapshot by Jonathan Diaby.
17:48 of 1st period - Stopped by Mackenzie Blackwood without a rebound.
17:49 of 1st period - Jordan Maletta wins face-off versus Eric Cornel in Grand Rapids Griffins zone.
18:00 of 1st period - Wrist shot by Tomas Jurco.
18:00 of 1st period - Stopped by Darcy Kuemper without a rebound.
18:01 of 1st period - Sean Kuraly wins face-off versus Noel Acciari in Philadelphia Phantoms zone.
18:01 of 1st period - Sean Kuraly is hit by Dylan DeMelo.
18:27 of 1st period - Minor Penalty to Sean Kuraly for Boarding.
18:28 of 1st period - Scott Laughton wins face-off versus Noel Acciari in Philadelphia Phantoms zone.
19:08 of 1st period - Snap shot by Joshua Ho-Sang.
19:08 of 1st period - Stopped by Mackenzie Blackwood with a rebound.
Goals for this period are 0 for Philadelphia Phantoms vs 0 for Grand Rapids Griffins.
Shots for this period are 9 for Philadelphia Phantoms vs 8 for Grand Rapids Griffins.

2nd period


0:01 of 2nd period - Scott Laughton wins face-off versus Noel Acciari in neutral zone.
0:27 of 2nd period - Penalty to Sean Kuraly is over, Sean Kuraly is back on ice.
0:44 of 2nd period - Wrist shot by Sean Kuraly.
0:44 of 2nd period - Goal by Sean Kuraly - Philadelphia Phantoms : 1 - Grand Rapids Griffins : 0.
0:45 of 2nd period - Sean Kuraly wins face-off versus Noel Acciari in neutral zone.
1:10 of 2nd period - Joshua Ho-Sang is hit by Nikita Scherbak and loses puck.
1:44 of 2nd period - Wrist shot by Zac Dalpe.
1:44 of 2nd period - Deflect By Dryden Hunt.
1:44 of 2nd period - Stopped by Mackenzie Blackwood without a rebound.
1:45 of 2nd period - Sean Kuraly wins face-off versus Noel Acciari in Grand Rapids Griffins zone.
1:46 of 2nd period - Backhand shot by Dale Weise.
1:46 of 2nd period - Shot Misses the Net.
2:17 of 2nd period - Slapshot by Tomas Jurco.
2:17 of 2nd period - Stopped by Darcy Kuemper without a rebound.
2:18 of 2nd period - Scott Laughton wins face-off versus Noel Acciari in Philadelphia Phantoms zone.
2:20 of 2nd period - Icing by Joshua Ho-Sang.
2:21 of 2nd period - Scott Laughton wins face-off versus Noel Acciari in Philadelphia Phantoms zone.
2:48 of 2nd period - Sean Kuraly is hit by Noel Acciari and loses puck.
3:12 of 2nd period - Slapshot by Markus Hannikainen.
3:12 of 2nd period - Shot Misses the Net.
3:36 of 2nd period - Brandon Montour is hit by Dmitrij Jaskin and loses puck.
3:57 of 2nd period - Slapshot by Daniel Carr.
3:57 of 2nd period - Stopped by Darcy Kuemper with a rebound.
4:21 of 2nd period - Snap shot by Kevin Labanc.
4:21 of 2nd period - Shot Blocked by Scott Harrington.
4:23 of 2nd period - Wrist shot by Kevin Labanc.
4:23 of 2nd period - Stopped by Mackenzie Blackwood with a rebound.
4:25 of 2nd period - Wrist shot by Kevin Labanc.
4:25 of 2nd period - Stopped by Mackenzie Blackwood with a rebound.
4:35 of 2nd period - Jordan Maletta is hit by Scott Harrington and loses puck.
4:55 of 2nd period - Slapshot by Slater Koekkoek.
4:55 of 2nd period - Stopped by Darcy Kuemper with a rebound.
5:09 of 2nd period - Slapshot by Slater Koekkoek.
5:09 of 2nd period - Stopped by Darcy Kuemper with a rebound.
5:26 of 2nd period - Nikita Scherbak is hit by Dakota Mermis and loses puck.
5:31 of 2nd period - Wrist shot by Sean Kuraly.
5:31 of 2nd period - Shot Blocked by Reece Willcox.
5:49 of 2nd period - Markus Hannikainen is hit by Chad Billins and loses puck.
7:35 of 2nd period - Juho Lammikko is hit by Dylan DeMelo and loses puck.
8:01 of 2nd period - Slapshot by Brandon Montour.
8:01 of 2nd period - Stopped by Mackenzie Blackwood with a rebound.
8:07 of 2nd period - Noel Acciari is hit by Dryden Hunt and loses puck.
8:20 of 2nd period - Slater Koekkoek is hit by Sean Kuraly and loses puck.
8:39 of 2nd period - Dakota Mermis is hit by Slater Koekkoek and loses puck.
8:48 of 2nd period - Snap shot by Marcus Sorensen.
8:48 of 2nd period - Stopped by Darcy Kuemper without a rebound.
8:49 of 2nd period - Kyle Rau wins face-off versus Scott Laughton in Philadelphia Phantoms zone.
8:58 of 2nd period - Snap shot by Dmitrij Jaskin.
8:58 of 2nd period - Shot Blocked by Brandon Montour.
9:47 of 2nd period - Wrist shot by Nic Kerdiles.
9:47 of 2nd period - Stopped by Mackenzie Blackwood without a rebound.
9:48 of 2nd period - Kyle Rau wins face-off versus Joshua Ho-Sang in Grand Rapids Griffins zone.
9:48 of 2nd period - Kyle Rau is hit by Scott Laughton.
9:57 of 2nd period - Dylan DeMelo is hit by Scott Laughton and loses puck.
10:14 of 2nd period - Chad Billins is hit by Slater Koekkoek and loses puck.
10:21 of 2nd period - Snap shot by Daniel Carr.
10:21 of 2nd period - Stopped by Darcy Kuemper with a rebound.
10:23 of 2nd period - Wrist shot by Eric Cornel.
10:23 of 2nd period - Deflect By Tomas Jurco.
10:23 of 2nd period - Stopped by Darcy Kuemper with a rebound.
10:25 of 2nd period - Backhand shot by Daniel Carr.
10:25 of 2nd period - Goal by Daniel Carr - Philadelphia Phantoms : 1 - Grand Rapids Griffins : 1.
10:26 of 2nd period - Scott Laughton wins face-off versus Noel Acciari in neutral zone.
10:51 of 2nd period - Nikita Scherbak is hit by Brandon Montour and loses puck.
11:04 of 2nd period - Dmitrij Jaskin is hit by Dean Kukan and loses puck.
11:15 of 2nd period - Wrist shot by Jordan Maletta.
11:15 of 2nd period - Shot Misses the Net.
11:17 of 2nd period - Snap shot by Zac Dalpe.
11:17 of 2nd period - Shot Misses the Net.
11:19 of 2nd period - Wrist shot by Jordan Maletta.
11:19 of 2nd period - Stopped by Mackenzie Blackwood with a rebound.
11:31 of 2nd period - Minor Penalty to Eric Cornel for Hooking.
11:32 of 2nd period - Scott Laughton wins face-off versus Jesse Puljujarvi in Grand Rapids Griffins zone.
11:35 of 2nd period - Wrist shot by Kevin Fiala.
11:35 of 2nd period - Shot Blocked by Markus Hannikainen.
11:37 of 2nd period - Slapshot by Alexandre Carrier.
11:37 of 2nd period - Stopped by Mackenzie Blackwood with a rebound.
11:43 of 2nd period - Snap shot by Joshua Ho-Sang.
11:43 of 2nd period - Shot Blocked by Scott Harrington.
11:45 of 2nd period - Slapshot by Brandon Montour.
11:45 of 2nd period - Stopped by Mackenzie Blackwood with a rebound.
11:47 of 2nd period - Snap shot by Kevin Fiala.
11:47 of 2nd period - Goal by Kevin Fiala - Philadelphia Phantoms : 2 - Grand Rapids Griffins : 1.
11:48 of 2nd period - Scott Laughton wins face-off versus Jesse Puljujarvi in neutral zone.
11:57 of 2nd period - Brandon Montour is hit by Markus Hannikainen and loses puck.
12:26 of 2nd period - Slapshot by Brandon Montour.
12:26 of 2nd period - Deflect By Joshua Ho-Sang.
12:26 of 2nd period - Shot Blocked by Eric Cornel.
12:26 of 2nd period - Puck is out of play.
12:27 of 2nd period - Kyle Rau wins face-off versus Sean Kuraly in Grand Rapids Griffins zone.
12:32 of 2nd period - Snap shot by Nikita Scherbak.
12:32 of 2nd period - Shot Blocked by Dean Kukan.
12:34 of 2nd period - Snap shot by Kyle Rau.
12:34 of 2nd period - Shot Misses the Net.
12:36 of 2nd period - Snap shot by Kyle Rau.
12:36 of 2nd period - Deflect By Dale Weise.
12:36 of 2nd period - Stopped by Darcy Kuemper without a rebound.
12:37 of 2nd period - Kyle Rau wins face-off versus Sean Kuraly in Philadelphia Phantoms zone.
12:58 of 2nd period - Slapshot by Dmitrij Jaskin.
12:58 of 2nd period - Shot Misses the Net.
13:00 of 2nd period - Slapshot by Kyle Rau.
13:00 of 2nd period - Shot Blocked by Dean Kukan.
13:02 of 2nd period - Snap shot by Nikita Scherbak.
13:02 of 2nd period - Stopped by Darcy Kuemper with a rebound.
13:10 of 2nd period - Wrist shot by Nikita Scherbak.
13:10 of 2nd period - Deflect By Kyle Rau.
13:10 of 2nd period - Shot Misses the Net.
13:10 of 2nd period - Puck is out of play.
13:11 of 2nd period - Scott Laughton wins face-off versus Noel Acciari in Philadelphia Phantoms zone.
13:26 of 2nd period - Snap shot by Kevin Fiala.
13:26 of 2nd period - Deflect By Joshua Ho-Sang.
13:26 of 2nd period - Shot Misses the Net.
13:26 of 2nd period - Puck is out of play.
13:27 of 2nd period - Eric Cornel wins face-off versus Jordan Maletta in Grand Rapids Griffins zone.
13:34 of 2nd period - Snap shot by Tomas Jurco.
13:34 of 2nd period - Shot Hit the Post.
13:36 of 2nd period - Slapshot by Slater Koekkoek.
13:36 of 2nd period - Shot Misses the Net.
13:38 of 2nd period - Slapshot by Slater Koekkoek.
13:38 of 2nd period - Stopped by Darcy Kuemper with a rebound.
13:40 of 2nd period - Slapshot by Dylan DeMelo.
13:40 of 2nd period - Stopped by Darcy Kuemper without a rebound.
13:41 of 2nd period - Scott Laughton wins face-off versus Noel Acciari in Philadelphia Phantoms zone.
13:54 of 2nd period - Wrist shot by Markus Hannikainen.
13:54 of 2nd period - Stopped by Darcy Kuemper with a rebound.
13:56 of 2nd period - Slapshot by Dylan DeMelo.
13:56 of 2nd period - Deflect By Markus Hannikainen.
13:56 of 2nd period - Stopped by Darcy Kuemper with a rebound.
14:08 of 2nd period - Icing by Dmitrij Jaskin.
14:09 of 2nd period - Kyle Rau wins face-off versus Jordan Maletta in Grand Rapids Griffins zone.
14:14 of 2nd period - Wrist shot by Kyle Rau.
14:14 of 2nd period - Stopped by Darcy Kuemper with a rebound.
14:24 of 2nd period - Andrew O'Brien is hit by Zac Dalpe.
14:39 of 2nd period - Dmitrij Jaskin is hit by Dean Kukan and loses puck.
15:56 of 2nd period - Jesse Puljujarvi is hit by Brandon Montour and loses puck.
16:05 of 2nd period - Snap shot by Sean Kuraly.
16:05 of 2nd period - Stopped by Mackenzie Blackwood without a rebound.
16:06 of 2nd period - Kyle Rau wins face-off versus Scott Laughton in Grand Rapids Griffins zone.
16:13 of 2nd period - Wrist shot by Joshua Ho-Sang.
16:13 of 2nd period - Shot Hit the Post.
16:15 of 2nd period - Slapshot by Joshua Ho-Sang.
16:15 of 2nd period - Deflect By Kevin Fiala.
16:15 of 2nd period - Stopped by Mackenzie Blackwood with a rebound.
16:17 of 2nd period - Snap shot by Joshua Ho-Sang.
16:17 of 2nd period - Shot Blocked by Kyle Rau.
16:19 of 2nd period - Snap shot by Dakota Mermis.
16:19 of 2nd period - Deflect By Joshua Ho-Sang.
16:19 of 2nd period - Stopped by Mackenzie Blackwood with a rebound.
16:21 of 2nd period - Wrist shot by Kevin Fiala.
16:21 of 2nd period - Shot Blocked by Justin Holl.
16:33 of 2nd period - Dakota Mermis is hit by Eric Cornel and loses puck.
17:26 of 2nd period - Wrist shot by Kevin Fiala.
17:26 of 2nd period - Goal by Kevin Fiala - Philadelphia Phantoms : 3 - Grand Rapids Griffins : 1.
17:27 of 2nd period - Sean Kuraly wins face-off versus Kyle Rau in neutral zone.
19:10 of 2nd period - Dmitrij Jaskin is hit by Kevin Fiala and loses puck.
19:25 of 2nd period - Slapshot by Dmitrij Jaskin.
19:25 of 2nd period - Shot Blocked by Alexandre Carrier.
19:27 of 2nd period - Snap shot by Slater Koekkoek.
19:27 of 2nd period - Deflect By Scott Laughton.
19:27 of 2nd period - Stopped by Darcy Kuemper with a rebound.
19:29 of 2nd period - Snap shot by Kyle Rau.
19:29 of 2nd period - Stopped by Darcy Kuemper without a rebound.
19:30 of 2nd period - Noel Acciari wins face-off versus Sean Kuraly in Philadelphia Phantoms zone.
19:45 of 2nd period - Andrew O'Brien is hit by Kevin Labanc and loses puck.
19:47 of 2nd period - Jesse Puljujarvi and Sean Kuraly fight to a draw.
19:47 of 2nd period - Penalty to Jesse Puljujarvi for Fighting.
19:47 of 2nd period - Penalty to Sean Kuraly for Fighting.
19:47 of 2nd period - Penalty to Sean Kuraly for instigated a fight.
19:47 of 2nd period - Penalty to Sean Kuraly for instigated a fight.
19:48 of 2nd period - Scott Laughton wins face-off versus Noel Acciari in Grand Rapids Griffins zone.
Goals for this period are 3 for Philadelphia Phantoms vs 1 for Grand Rapids Griffins.
Shots for this period are 14 for Philadelphia Phantoms vs 17 for Grand Rapids Griffins.

3rd period


0:01 of 3rd period - Zac Dalpe wins face-off versus Noel Acciari in neutral zone.
0:26 of 3rd period - Chad Billins is hit by Nikita Scherbak and loses puck.
0:51 of 3rd period - Wrist shot by Joshua Ho-Sang.
0:51 of 3rd period - Shot Misses the Net.
1:47 of 3rd period - Penalty to Sean Kuraly is over, Dale Weise is send on ice.
1:57 of 3rd period - Kevin Labanc is hit by Eric Cornel.
2:17 of 3rd period - Alexandre Carrier is hit by Reece Willcox.
2:25 of 3rd period - Reece Willcox is hit by Jonathan Diaby and loses puck.
2:44 of 3rd period - Andrew O'Brien is hit by Jordan Maletta and loses puck.
3:00 of 3rd period - Daniel Carr is hit by Brandon Montour and loses puck.
3:13 of 3rd period - Scott Harrington is hit by Alexandre Carrier and loses puck.
3:41 of 3rd period - Snap shot by Nikita Scherbak.
3:41 of 3rd period - Stopped by Darcy Kuemper with a rebound.
3:43 of 3rd period - Snap shot by Nikita Scherbak.
3:43 of 3rd period - Stopped by Darcy Kuemper without a rebound.
3:44 of 3rd period - Scott Laughton wins face-off versus Noel Acciari in Philadelphia Phantoms zone.
4:17 of 3rd period - Wrist shot by Kevin Fiala.
4:17 of 3rd period - Stopped by Mackenzie Blackwood with a rebound.
4:19 of 3rd period - Wrist shot by Scott Laughton.
4:19 of 3rd period - Shot Misses the Net.
4:34 of 3rd period - Wrist shot by Joshua Ho-Sang.
4:34 of 3rd period - Shot Blocked by Slater Koekkoek.
4:36 of 3rd period - Slapshot by Jonathan Diaby.
4:36 of 3rd period - Deflect By Kevin Fiala.
4:36 of 3rd period - Stopped by Mackenzie Blackwood with a rebound.
4:38 of 3rd period - Slapshot by Chad Billins.
4:38 of 3rd period - Stopped by Mackenzie Blackwood with a rebound.
4:42 of 3rd period - Wrist shot by Joshua Ho-Sang.
4:42 of 3rd period - Shot Misses the Net.
4:44 of 3rd period - Wrist shot by Chad Billins.
4:44 of 3rd period - Shot Blocked by Dylan DeMelo.
4:46 of 3rd period - Wrist shot by Chad Billins.
4:46 of 3rd period - Shot Misses the Net.
4:48 of 3rd period - Wrist shot by Joshua Ho-Sang.
4:48 of 3rd period - Deflect By Kevin Fiala.
4:48 of 3rd period - Stopped by Mackenzie Blackwood with a rebound.
4:50 of 3rd period - Wrist shot by Joshua Ho-Sang.
4:50 of 3rd period - Stopped by Mackenzie Blackwood with a rebound.
5:00 of 3rd period - Wrist shot by Joshua Ho-Sang.
5:00 of 3rd period - Shot Misses the Net.
5:02 of 3rd period - Snap shot by Kevin Fiala.
5:02 of 3rd period - Stopped by Mackenzie Blackwood with a rebound.
5:12 of 3rd period - Snap shot by Joshua Ho-Sang.
5:12 of 3rd period - Stopped by Mackenzie Blackwood with a rebound.
5:26 of 3rd period - Wrist shot by Joshua Ho-Sang.
5:26 of 3rd period - Stopped by Mackenzie Blackwood without a rebound.
5:27 of 3rd period - Jordan Maletta wins face-off versus Noel Acciari in Grand Rapids Griffins zone.
5:34 of 3rd period - Jordan Maletta is hit by Andrew O'Brien and loses puck.
6:09 of 3rd period - Icing by Zac Dalpe.
6:10 of 3rd period - Jesse Puljujarvi wins face-off versus Jon Martin in Philadelphia Phantoms zone.
6:11 of 3rd period - Snap shot by Marcus Sorensen.
6:11 of 3rd period - Stopped by Darcy Kuemper without a rebound.
6:12 of 3rd period - Jon Martin wins face-off versus Jesse Puljujarvi in Philadelphia Phantoms zone.
6:25 of 3rd period - Wrist shot by Kevin Labanc.
6:25 of 3rd period - Stopped by Mackenzie Blackwood with a rebound.
6:41 of 3rd period - Off-side.
6:42 of 3rd period - Jordan Maletta wins face-off versus Tomas Jurco in neutral zone.
7:27 of 3rd period - Backhand shot by Dean Kukan.
7:27 of 3rd period - Stopped by Mackenzie Blackwood with a rebound.
7:39 of 3rd period - Minor Penalty to Slater Koekkoek for Cross-checking.
7:40 of 3rd period - Jesse Puljujarvi wins face-off versus Scott Laughton in Grand Rapids Griffins zone.
8:05 of 3rd period - Markus Hannikainen is hit by Dryden Hunt and loses puck.
8:56 of 3rd period - Snap shot by Brandon Montour.
8:56 of 3rd period - Shot Blocked by Markus Hannikainen.
9:39 of 3rd period - Penalty to Slater Koekkoek is over, Slater Koekkoek is back on ice.
10:00 of 3rd period - Slapshot by Dmitrij Jaskin.
10:00 of 3rd period - Shot Misses the Net.
10:12 of 3rd period - Jordan Maletta is hit by Justin Holl and loses puck.
11:05 of 3rd period - Wrist shot by Noel Acciari.
11:05 of 3rd period - Shot Misses the Net.
11:07 of 3rd period - Wrist shot by Noel Acciari.
11:07 of 3rd period - Grand Rapids Griffins goal is going for a video replay.
11:07 of 3rd period - The goal is refused. The referee deems the play has been stopped, even if he had not physically had the opportunity to stop play by blowing his whistle..
11:08 of 3rd period - Noel Acciari wins face-off versus Juho Lammikko in Philadelphia Phantoms zone.
11:09 of 3rd period - Snap shot by Markus Hannikainen.
11:09 of 3rd period - Goal by Markus Hannikainen - Philadelphia Phantoms : 3 - Grand Rapids Griffins : 2.
11:10 of 3rd period - Noel Acciari wins face-off versus Jordan Maletta in neutral zone.
11:15 of 3rd period - Wrist shot by Markus Hannikainen.
11:15 of 3rd period - Stopped by Darcy Kuemper with a rebound.
12:00 of 3rd period - Wrist shot by Dmitrij Jaskin.
12:00 of 3rd period - Stopped by Darcy Kuemper with a rebound.
12:02 of 3rd period - Snap shot by Nikita Scherbak.
12:02 of 3rd period - Stopped by Darcy Kuemper with a rebound.
12:04 of 3rd period - Slapshot by Nikita Scherbak.
12:04 of 3rd period - Stopped by Darcy Kuemper with a rebound.
12:16 of 3rd period - Snap shot by Dale Weise.
12:16 of 3rd period - Shot Misses the Net.
12:49 of 3rd period - Slapshot by Juho Lammikko.
12:49 of 3rd period - Stopped by Mackenzie Blackwood without a rebound.
12:50 of 3rd period - Jon Martin wins face-off versus Eric Cornel in Grand Rapids Griffins zone.
13:15 of 3rd period - Justin Holl is hit by Alexandre Carrier and loses puck.
13:46 of 3rd period - Snap shot by Jordan Maletta.
13:46 of 3rd period - Stopped by Mackenzie Blackwood with a rebound.
13:58 of 3rd period - Snap shot by Kevin Labanc.
13:58 of 3rd period - Stopped by Mackenzie Blackwood with a rebound.
14:00 of 3rd period - Slapshot by Dean Kukan.
14:00 of 3rd period - Shot Misses the Net.
14:47 of 3rd period - 10 Minutes Misconduct Penalty to Sean Kuraly is over.
15:09 of 3rd period - Justin Holl is hit by Sean Kuraly and loses puck.
15:20 of 3rd period - Kyle Rau is hit by Juho Lammikko and loses puck.
16:07 of 3rd period - Wrist shot by Joshua Ho-Sang.
16:07 of 3rd period - Shot Blocked by Kyle Rau.
16:25 of 3rd period - Reece Willcox is hit by Dale Weise and loses puck.
16:46 of 3rd period - Eric Cornel is hit by Dryden Hunt and loses puck.
17:20 of 3rd period - Slapshot by Scott Harrington.
17:20 of 3rd period - Shot Misses the Net.
18:54 of 3rd period - Wrist shot by Sean Kuraly.
18:54 of 3rd period - Stopped by Mackenzie Blackwood with a rebound.
19:03 of 3rd period - Icing by Slater Koekkoek.
19:04 of 3rd period - Noel Acciari wins face-off versus Scott Laughton in Grand Rapids Griffins zone.
19:20 of 3rd period - Grand Rapids Griffins, Mackenzie Blackwood is pulled from the net.
19:30 of 3rd period - Slapshot by Sean Kuraly.
19:30 of 3rd period - Shot Misses the Net.
19:44 of 3rd period - Icing by Andrew O'Brien.
19:45 of 3rd period - Mackenzie Blackwood from Grand Rapids Griffins was sent back in the game.
19:45 of 3rd period - Noel Acciari wins face-off versus Scott Laughton in Grand Rapids Griffins zone.
Goals for this period are 0 for Philadelphia Phantoms vs 1 for Grand Rapids Griffins.
Shots for this period are 14 for Philadelphia Phantoms vs 9 for Grand Rapids Griffins.